 Dungeon Crawl Stone Soup version 0.30-a0-596-g0af90f9a20 (webtiles) character file.

Game seed: 11025698865013775973

9 drugrobin the Sneak (level 1, -2/18 HPs)
             Began as a Demigod Delver on Jan 7, 2023.
             Slain by a sickly merfolk siren
             ... wielding a +0 spear
              (18 damage)
             ... in a sewer.
             The game lasted 00:01:02 (134 turns).

drugrobin the Sneak (Demigod Delver)                 Turns: 134, Time: 00:01:02

Health: -2/18      AC:  3    Str: 13    XL:     1   Next: 93%
Magic:  3/3        EV: 11    Int: 12    God:
Gold:   0          SH:  0    Dex: 15    Spells: 0/0 levels left

rFire   . . .      SeeInvis .      - Unarmed
rCold   . . .      Faith    .    (no shield)
rNeg    . . .      Spirit   .    a - +0 leather armour
rPois   .          Reflect  .    (no helmet)
rElec   .          Harm     .    (no cloak)
rCorr   .          Rampage  .    (no gloves)
Will    .....                    (no boots)
Stlth   +++                      (no amulet)
HPRegen 0.23/turn                (no ring)
MPRegen 0.08/turn                (no ring)

@: mesmerised, hasted, very quick
A: high MP 1, forlorn, divine attributes
a: no special abilities


You were in a sewer.
You visited 1 branch of the dungeon, and saw 1 of its levels.
You also visited: Sewer.

Inventory:

Armour
 a - a +0 leather armour (worn)
Wands
 f - a wand of digging (3)
Scrolls
 b - a scroll of fog
 c - a scroll of magic mapping
 d - a scroll of fear


   Skills:
 - Level 2.6 Fighting
 - Level 1.7 Dodging
 - Level 4.5 Stealth
 + Level 2.5 Unarmed Combat


You couldn't memorise any spells.
You didn't know any spells.
Your spell library was empty.

Dungeon Overview and Level Annotations

Branches:
Dungeon (5/15)              Sewer (1/1)
 Temple: D:4-7


Innate Abilities, Weirdness & Mutations

You have an increased reservoir of magic. (+10% MP)
You shall have no god before yourself.
Your divine heritage dramatically boosts your attributes as you level up.


Message History

The rat barely misses you.
You hit the rat.
The rat is moderately wounded.
The rat bites you but does no damage. The rat bites you.
The sickly merfolk siren chants its luring song.
You hit the rat.
You kill the rat!
The rat barely misses you.
You completely miss the rat. The rat bites you but does no damage.
The sickly merfolk siren chants its luring song.
You hit the rat.
You kill the rat!
The rat closely misses you.
The sickly merfolk siren chants its luring song.
You barely miss the rat. You hit the rat.
The rat is severely wounded.
The rat closely misses you.
The sickly merfolk siren chants its luring song.
You closely miss the rat.
The rat is severely wounded.
The rat misses you.
The sickly merfolk siren chants its luring song.
You hit the rat.
You kill the rat!
Found 14 gold pieces.
The sickly merfolk siren chants its luring song.
Things that are here:
a rat corpse; a ball python corpse
Okay, then.
Okay, then.
You aren't carrying any potions.
Unknown command.
Unknown command.
Unknown command.
You hit the sickly merfolk siren but do no damage.
You hit the sickly merfolk siren but do no damage.
The sickly merfolk siren hits you with a +0 spear!!
Ouch! That really hurt!
You die...

##### ##...~#
##...~~~~
#######†..~~~#
#....†.@m~~≈~#
#.##~~~~~~≈≈≈#
#.#≈≈≈###~####
##########~~≈###
~..
~~~~~~~~~~~≈≈#
$$$#
≈≈~≈##########
#### #######
~~~~∩∩# .~~~###


You could see a sickly merfolk siren (mesmerising).

Vanquished Creatures
  A giant cockroach (Sewer)
  2 ball pythons (Sewer)
  A frilled lizard (Sewer)
  8 rats (Sewer)
12 creatures vanquished.

Vanquished Creatures (others)
  A plant (D:5)
1 creature vanquished.

Grand Total: 13 creatures vanquished

Notes
Turn   | Place    | Note
-------+----------+-------------------------------------------
     0 | D:5      | drugrobin the Demigod Delver began the quest for the Orb.
     0 | D:5      | Reached XP level 1. HP: 18/18 MP: 3/3
     7 | D:5      | Noticed an iguana
     7 | D:5      | Noticed a howler monkey
    17 | Sewer    | Entered a sewer
   112 | Sewer    | Noticed a sickly merfolk siren
   134 | Sewer    | Slain by a sickly merfolk siren

Illustrated notes

Levels and vault maps discovered:
D:5:      minmay_thinvault, layout_gridville, portal_sewer_entry_a,
          minmay_lizard_king
Sewer:    sewer_sea

Skill      XL: |  1 |
---------------+----+-----
Unarmed Combat | 2 |  2.5
Fighting       | |  2.6
Dodging        | |  1.7
Stealth        | |  4.5

Action                   || total
-------------------------++-------
Melee: Unarmed           ||    39
  Use: Potion            ||     1
 Stab: Sleeping          ||     3
Armor: Leather armour    ||    16
Dodge: Dodged            ||    22

Table legend: (Time is in decaauts)
 A = Elapsed time spent in this place.
 B = Non-inter-level travel time spent in this place.
 C = Inter-level travel time spent in this place.
 D = Time resting spent in this place.
 E = Time spent auto-exploring this place.
 F = Levels seen in this place.
 G = Mean time per level.
                   A        B        C        D        E       F      G
               +--------+--------+--------+--------+--------+-----+--------+
         Total |    141 |    141 |      0 |      0 |      0 |   2 |   70.5 |
       Dungeon |     17 |     17 |      0 |      0 |      0 |   1 |   17.0 |
         Sewer |    124 |    124 |      0 |      0 |      0 |   1 |  124.0 |
               +--------+--------+--------+--------+--------+-----+--------+

Top non-repeatable levels by time:
   Sewer: 124 daAuts
     D:5: 17 daAuts
